AoeStats
← KaLong

Arena

507012181Analyzed
4v4 RM · 17d ago on Sep 16, 2026· 35m 26s· 8 players
Game mode
Random Map
Map size
Large (8 player)
Population
200
Speed
Normal
Resources
Standard
Victory
Conquest
Starting age
Dark Age
Ending age
Imperial Age
RankedLock teamsTeams togetherTeam positionsShared explorationLock speedFull tech treeHidden civsTurbo modeCheats
Victory
Defeat
🇨🇳 Shu · China
1628
+12
🇨🇳 Armenians · China
1586
+14
🇨🇳 Malay · China
1532
+16
🇨🇳 Berbers · China
1501
+17
🇨🇳 Lithuanians · China
1644
-19
🇺🇸 Maya · United States
1543
-15
🇨🇿 Turks · Czechia
1505
-14
🇲🇽 Teutons · Mexico
1439
-11
acyhjujaxuzjkt
12:02 Feudal Age
12:54 Double-Bit Axe
12:51 Horse Collar
15:48 Castle Age
14:11 Gold Mining
16:51 Bow Saw
16:55 Heavy Plow
17:33 Wheelbarrow
21:03 Stone Mining
23:24 Hand Cart
22:56 Loom
23:50 Stone Shaft Mining
25:16 Gold Shaft Mining
25:48 Town Watch
29:04 Imperial Age
26:28 Fletching
26:40 Padded Archer Armor
27:28 Ballistics
27:20 Bodkin Arrow
28:01 Thumb Ring
28:14 Husbandry
28:25 Bloodlines
28:41 Leather Archer Armor
29:19 Elite Camel Archer
30:21 Conscription
30:04 Bracer
31:00 Crop Rotation
30:53 Kasbah
31:33 Ring Archer Armor
32:54 Chemistry
32:31 Siege Engineers
33:44 Maghrebi Camels
虚弱
12:07 Feudal Age
13:07 Double-Bit Axe
15:48 Castle Age
15:48 Bow Saw
22:56 Wheelbarrow
22:21 Horse Collar
27:47 Imperial Age
25:02 Loom
25:03 Town Watch
26:02 Scale Barding Armor
26:27 Hand Cart
26:19 Treadmill Crane
26:33 Gold Mining
26:59 Heavy Plow
27:23 Forging
27:49 Conscription
27:34 Elite Battle Elephant
28:23 Husbandry
29:25 Iron Casting
29:51 Gold Shaft Mining
29:44 Stone Mining
31:08 Blast Furnace
30:45 Crop Rotation
31:51 Stone Shaft Mining
32:50 Devotion
33:10 Guilds
33:43 Coinage
34:42 Fletching
36:24 Banking
shenxu
10:30 Feudal Age
14:17 Castle Age
12:11 Double-Bit Axe
12:41 Horse Collar
16:29 Loom
26:28 Wheelbarrow
32:25 Imperial Age
30:29 Hand Cart
30:32 Heavy Plow
31:36 Fletching
31:56 Gold Mining
31:56 Stone Mining
32:26 Bodkin Arrow
32:53 Ballistics
32:45 Bow Saw
33:13 Gold Shaft Mining
32:55 Padded Archer Armor
33:39 Conscription
33:21 Bracer
34:22 Chemistry
33:05 Crossbowman
34:19 Thumb Ring
34:18 Bolt Magazine
34:59 Leather Archer Armor
34:22 Arbalester
36:42 Two-Man Saw
帅气的俊哥
7:13 Loom
9:31 Feudal Age
9:33 Man-at-Arms
13:15 Double-Bit Axe
16:38 Horse Collar
28:19 Castle Age
sgt peppers s
4:14 Loom
9:47 Feudal Age
12:42 Fletching
25:36 Castle Age
24:27 Double-Bit Axe
24:24 Horse Collar
26:35 Bow Saw
30:20 Wheelbarrow
32:05 Hand Cart
KaLong
0:31 Loom
10:45 Feudal Age
14:38 Castle Age
12:55 Double-Bit Axe
13:11 Horse Collar
14:48 Fletching
20:08 Bodkin Arrow
22:34 Ballistics
22:20 Padded Archer Armor
23:29 Leather Archer Armor
26:55 Loom
27:48 Wheelbarrow
27:43 Bow Saw
27:43 Loom
30:44 Hand Cart
35:53 Imperial Age
Azazelius
0:25 Loom
11:26 Feudal Age
15:02 Castle Age
13:18 Horse Collar
15:41 Double-Bit Axe
22:15 Wheelbarrow
25:23 Heavy Plow
25:34 Bow Saw
25:19 Gold Mining
31:27 Imperial Age
29:14 Hand Cart
29:09 Stone Mining
30:07 Ballistics
30:51 Fletching
31:03 Padded Archer Armor
34:00 Leather Archer Armor
35:36 Fortified Wall
CNZS_MING
10:50 Feudal Age
14:26 Castle Age
12:58 Double-Bit Axe
13:29 Horse Collar
16:19 Loom
18:42 Sanctity
21:11 Fervor
21:04 Husbandry
23:23 Wheelbarrow
25:40 Town Watch
31:26 Imperial Age
29:17 Forging
29:25 Scale Barding Armor
29:51 Bow Saw
29:41 Heavy Plow
30:47 Hand Cart
31:11 Chain Barding Armor
31:42 Iron Casting
31:48 Gold Mining
32:09 Bloodlines
33:07 Conscription
32:52 Stone Mining
33:00 Elite Leitis
34:57 Plate Barding Armor
35:33 Fletching
Connection lost

Rejoining the realm…

Still unreachable

The connection could not be restored.

Session expired

The server has moved on; the page needs a fresh start.